AoeStats
← FESHI21

Coastal Forest

510864111Analyzed
2v2 RM · 19h ago on Oct 2, 2026· 35m 41s· 4 players
Game mode
Random Map
Map size
Medium (4 player)
Population
200
Speed
Normal
Resources
Standard
Victory
Conquest
Starting age
Dark Age
Ending age
Imperial Age
RankedLock teamsTeams togetherTeam positionsShared explorationLock speedFull tech treeHidden civsTurbo modeCheats
Victory
Defeat
🇨🇱 Tatars · Chile
1043
+13
🇨🇱 Slavs · Chile
917
+36
🇸🇰 Mongols · Slovakia
975
-16
🇦🇷 Franks · Argentina
959
-41
Pejelagarto
1:25 Loom
11:33 Feudal Age
21:22 Castle Age
20:35 Double-Bit Axe
20:48 Gold Mining
20:49 Stone Mining
21:01 Fishing Lines
23:19 Light Cavalry
24:33 Squires
25:48 Padded Archer Armor
28:12 Gold Shaft Mining
28:27 Bow Saw
28:34 Elite Skirmisher
29:16 Husbandry
29:07 Arson
29:37 Pikeman
33:44 Town Watch
35:33 Scale Barding Armor
35:29 Scale Mail Armor
35:44 Leather Archer Armor
35:21 Fletching
FESHI21
1:58 Loom
10:34 Feudal Age
11:12 Double-Bit Axe
11:10 Horse Collar
13:17 Wheelbarrow
19:02 Fishing Lines
23:16 Castle Age
27:29 Husbandry
27:40 Bloodlines
28:28 Fletching
28:41 Padded Archer Armor
29:29 Nomads
30:43 Hand Cart
30:15 Town Watch
32:41 Gold Mining
33:01 Stone Mining
34:57 Medium Warships
35:44 Ballistics
Chico_zaldivar
1:19 Loom
12:34 Feudal Age
14:03 Double-Bit Axe
15:15 Wheelbarrow
20:29 Scale Barding Armor
20:35 Forging
25:51 Castle Age
24:04 Stone Mining
27:58 Husbandry
28:09 Bloodlines
28:38 Iron Casting
29:06 Hand Cart
29:08 Bow Saw
31:25 Caravan
33:36 Chain Barding Armor
32:41 Light Cavalry
35:42 Detinets
Coronel Duyu
4:37 Loom
11:45 Feudal Age
12:19 Double-Bit Axe
12:56 Fishing Lines
13:45 Gold Mining
14:51 Fletching
15:34 Padded Archer Armor
21:13 Castle Age
21:15 Wheelbarrow
23:26 Bodkin Arrow
23:47 Leather Archer Armor
25:24 Hand Cart
25:44 Ballistics
30:57 Horse Collar
31:49 Caravan
32:57 Masonry
33:29 Gold Shaft Mining
37:33 Imperial Age
35:06 Silk Armor
35:35 Bloodlines
35:25 Husbandry
Connection lost

Rejoining the realm…

Still unreachable

The connection could not be restored.

Session expired

The server has moved on; the page needs a fresh start.